Selects Italian Combined Arms Battlegroup
Selects Italian Combined Arms Battlegroup
Selects Bersaglieri Squad
Kradschützen Motorcycle Team
Construct Light Support Kompanie
Selects Vehicle Support - Secure Location
Construct Mechanized Kompanie
Selects Semovente da 75/18 Assault Gun
Selects Carro Armato M13/40 Light Tank
Carro Armato M13/40 Light Tank
Carro Armato M13/40 Light Tank
254 Reconnaissance Tractor
254 Reconnaissance Tractor
Marder III Tank Destroyer
Marder III Tank Destroyer
Selects Breda Model 30 Light Machine Guns
18-tonne Recovery Half-track
Construct Panzerarmee Kommand
Walking Stuka Rocket Launcher